 Dungeon Crawl Stone Soup version 0.31.0-32-g396128a36d (webtiles) character file.

Game seed: 2343666663303304500

5861 Henri the Grappler (level 10, -1/72 HPs)
             Began as an Octopode Shapeshifter on Mar 28, 2024.
             Was a Follower of Dithmenos.
             Slain by a minotaur
             ... wielding a +3 dire flail of protection
              (27 damage)
             ... in a Gauntlet.
             The game lasted 00:27:40 (11927 turns).

Henri the Grappler (Octopode Shapeshifter)         Turns: 11927, Time: 00:27:41

Health: -1/72      AC:  1    Str: 18    XL:     10   Next: 81%
Magic:  10/10      EV: 18    Int: 12    God:    Dithmenos [*.....]
Gold:   641        SH:  0    Dex: 12    Spells: 9/9 levels left

rFire   . .          .
                       - Unarmed
rCold   . . .        (no shield)
rNeg    . . .        (helmet currently unavailable)
rPois   .            (no amulet)
rElec   .            E - +5 ring of evasion
rCorr   .            (no ring)
SInv    .            (no ring)
Will    .....        (no ring)
Stlth   ++++         (no ring)
HPRegen 0.32/turn    (no ring)
MPRegen 0.12/turn    (no ring)
                     (no ring)

%: no teleportation
@: beast-form, wreathed by umbra
A: beast (slay +4), almost no armour, amphibious, 8 rings, camouflage 1,
gelatinous body 1, (nimble swimmer 1), tentacles
a: Begin Untransformation, Renounce Religion


You were in a Gauntlet.
You worshipped Dithmenos.
Dithmenos was aware of your devotion.
You were a hulking beast.
You visited 2 branches of the dungeon, and saw 12 of its levels.
You also visited: Gauntlet.

You collected 641 gold pieces.

Inventory:

Missiles
 q - 2 throwing nets (quivered)
 A - 2 darts of dispersal
 C - 3 curare-tipped darts
Jewellery
 E - a +5 ring of evasion (left tentacle)
Talismans
 b - a beast talisman
 c - a flux talisman
 p - a blade talisman
Wands
 z - a wand of digging (9)
 B - a wand of polymorph (7)
 F - a wand of flame (15)
Scrolls
 d - 2 scrolls of fog
 g - a scroll of teleportation
 i - a scroll of poison {unknown}
 k - 2 scrolls of enchant armour
 l - a scroll of vulnerability {unknown}
 m - 2 scrolls of enchant weapon
 o - 2 scrolls of immolation
 r - a scroll of amnesia {unknown}
 s - 3 scrolls of revelation
 t - a scroll of noise {unknown}
 y - a scroll of brand weapon
 D - a scroll of identify
Potions
 a - 2 potions of lignification
 e - 2 potions of might
 j - a potion of brilliance
 n - 4 potions of enlightenment
 u - 2 potions of degeneration
 v - a potion of haste
 w - 2 potions of berserk rage
 x - a potion of magic


   Skills:
 + Level 8.1 Fighting
 - Level 2.0 Dodging
 - Level 5.0 Stealth
 * Level 11.7 Unarmed Combat
 - Level 7.0 Shapeshifting


You had 9 spell levels left.
You didn't know any spells.
Your spell library contained the following spells:

 Spells                   Type           Power      Damage    Failure   Level
 Sandblast                Erth           0%         2d4       32%         1
 Ensorcelled Hibernation  Hex/Ice        0%         N/A       45%         2
 Jinxbite                 Hex            0%         N/A       45%         2
 Fugue of the Fallen      Necr           0%         N/A       69%         3
 Passwall                 Erth           0%         N/A       69%         3
 Stone Arrow              Conj/Erth      0%         3d7       69%         3
 Tukima's Dance           Hex            0%         N/A       69%         3
 Anguish                  Hex/Necr       0%         N/A       97%         4
 Brom's Barrelling Bould  Conj/Erth      0%         2d3       97%         4
 Dimensional Bullseye     Hex/Tloc       0%         N/A       97%         4
 Iskenderun's Mystic Bla  Conj/Tloc      0%         2d3       97%         4
 Fireball                 Conj/Fire      0%         3d3       100%        5
 Iskenderun's Battlesphe  Conj           0%         2d6       100%        5
 Yara's Violent Unravell  Hex/Alch       0%         3d3       100%        5
 Conjure Ball Lightning   Conj/Air       0%         3x3d6     100%        6
 Sculpt Simulacrum        Ice/Alch       0%         N/A       100%        6
 Enfeeble                 Hex            0%         N/A       100%        7
 Orb of Destruction       Conj           0%         9d5       100%        7
 Ozocubu's Refrigeration  Ice            0%         4d7       100%        7
 Polar Vortex             Ice            0%         N/A       100%        9


Dungeon Overview and Level Annotations

Branches:
Dungeon (11/15)            Temple (1/1) D:7            Lair (0/5) D:8
Gauntlet (1/1)
    Orc: D:9-12

Altars:
Ashenzari
Cheibriados
Dithmenos
Elyvilon
Fedhas
Gozag
Hepliaklqana
Kikubaaqudgha
Makhleb
Nemelex Xobeh
Okawaru
Qazlal
Ru
Sif Muna
Trog
Uskayaw
Vehumet
Xom
Yredelemnul
Zin
The Shining One

Shops:
D:7 (

Annotations:
D:4 3 runed translucent doors, ThorJanick's ghost, amateur HuBe
D:8 3 runed translucent doors
D:11 Urug Gauntlet 8 transporters, exclusion: orange crystal statue


Innate Abilities, Weirdness & Mutations

You are a hulking beast.
Your limbs bulge with bestial killing power. (Slay +4)
You cannot wear most types of armour.
You are amphibious.
You can wear up to eight rings at the same time.
Your skin changes colour to match your surroundings (Stealth+).
Your rubbery body absorbs attacks. (AC +1, EV +1)
((You are camouflaged when in or above water. (Stealth+)))
You have tentacles for arms and can constrict up to eight enemies at once.


Message History

You bludgeon the cane toad! You tentacle-slap the cane toad!
The cane toad is severely wounded.
You constrict the cane toad.
You feel sick. The cane toad barely misses you.
You tentacle-slap the cane toad but do no damage.
The cane toad is severely wounded.
You constrict the cane toad.
You feel sick. The cane toad misses you.
You bludgeon the cane toad!
You kill the cane toad!
The cane toad's corpse dissolves into shadows!
You feel sick.
Unknown command.
You start resting.
You feel sick. x6
You are no longer poisoned.
You start resting.
The hell hound barks! x2
The hell hound stops to sniff the ground.
The hell hound pauses to sniff the ground.
The hell hound stops to sniff the ground.
HP restored.
Unknown command.
You start waiting.
The hell hound pauses to sniff the ground. x2
The hell hound stops to sniff the ground. x3
Done waiting.
You open the door.
A minotaur comes into view.
It is wielding a +5 orcbow of freezing and quivering silver javelins.
Found four items.
Okay, then.
Found a gate leading back out of this place.
There is an open door here.
The minotaur unwields a +5 orcbow of freezing.
The minotaur wields a +3 dire flail of protection.
The minotaur hits you with a +3 dire flail of protection!!!
Ouch! That really hurt!
The minotaur gores you!
Unknown command.
As you read the scroll labelled CIEVILUH ZIOMI, it crumbles to dust.
Wisps of shadow whirl around you...
It was a scroll of summoning.
The minotaur hits you with a +3 dire flail of protection!!
You die...

##### #8∩8# #[.[# #8.8#
####[.(#### ###8.#8Q8#.8###
#....#Q.H#....# #.#..#8h8#..#.#
#.#..##3##..#.# #......3......#
#.#.##.#.##.#.# #.#....#....#.#
#.#.#######.#.# #.............#
##...©.©.©...##
############.........############


You could see a minotaur (ally target), a friendly soul eater (summoned), a
friendly sixfirhy (summoned) and 2 friendly tengu conjurers.

Vanquished Creatures
  A two-headed ogre (D:8)
  3 wyverns
  3 yaks
  A warg (D:8)
  4 swamp worms (Gauntlet)
  An orc warrior (D:7)
  5 ice beasts
  2 sky beasts
  A black bear (D:6)
  4 centaurs
  An ogre (D:7)
  2 wolves (D:8)
  2 phantoms
  5 bullfrogs
  A kobold brigand (D:9)
  Blork the orc (D:4)
  2 scorpions
  4 wights (D:9)
  5 killer bees (D:7)
  An electric eel (D:7)
  A bombardier beetle (D:6)
  4 howler monkeys
  A jelly (D:5)
  3 hounds
  A sleepcap (D:4)
  6 orc priests
  2 gnoll boudas
  11 orc wizards
  2 iguanas (D:5)
  15 gnolls
  11 adders
  A white imp (D:8)
  2 dart slugs
  A ribbon worm (D:2)
  31 orcs
  4 bats
  5 endoplasms
  2 giant cockroaches
  8 goblins
  12 hobgoblins
  3 jackals (D:1)
  11 kobolds
  A quokka (D:1)
  14 ball pythons
  7 frilled lizards
  6 rats
214 creatures vanquished.

Notes
Turn   | Place    | Note
-------+----------+-------------------------------------------
     0 | D:1      | Henri the Octopode Shapeshifter began the quest for the
                  | Orb.
     0 | D:1      | Reached XP level 1. HP: 13/13 MP: 1/1
    41 | D:1      | Reached XP level 2. HP: 8/18 MP: 2/2
   317 | D:1      | Reached XP level 3. HP: 23/23 MP: 3/3
   723 | D:2      | Found a glowing golden altar of the Shining One.
   794 | D:2      | HP: 1/24 [poisoned by an adder]
   896 | D:2      | Reached skill level 4 in Unarmed Combat
   896 | D:2      | Reached XP level 4. HP: 29/29 MP: 4/4
  1268 | D:2      | You fall into a shaft and drop 1 floor!
  1612 | D:3      | Reached XP level 5. HP: 35/35 MP: 5/5
  1645 | D:3      | Found a sparkling altar of Nemelex Xobeh.
  2435 | D:4      | Found a runed translucent gate.
  2435 | D:4      | Found a runed translucent gate.
  2444 | D:4      | Reached skill level 5 in Unarmed Combat
  2444 | D:4      | Found a runed translucent gate.
  2532 | D:4      | Noticed Blork the orc
  2568 | D:4      | Killed Blork the orc
  2569 | D:4      | Reached XP level 6. HP: 25/42 MP: 6/6
  3264 | D:4      | Noticed ThorJanick's ghost (amateur HuBe)
  3388 | D:5      | Entered Level 5 of the Dungeon
  3528 | D:5      | Found a sacrificial altar of Ru.
  3584 | D:5      | Reached skill level 6 in Unarmed Combat
  3689 | D:5      | Noticed an ice beast
  3695 | D:5      | Reached XP level 7. HP: 41/47 MP: 7/7
  3814 | D:5      | Identified the +0 robe "Nosox" {rF+}
  4487 | D:6      | Reached skill level 7 in Unarmed Combat
  4765 | D:6      | Reached skill level 5 in Fighting
  4765 | D:6      | Reached XP level 8. HP: 27/55 MP: 8/8
  5027 | D:6      | Reached skill level 8 in Unarmed Combat
  5889 | D:7      | Reached skill level 9 in Unarmed Combat
  6218 | D:7      | Reached XP level 9. HP: 59/63 MP: 9/9
  6452 | D:7      | Found Tuxtacoy's Antique Weapon Emporium.
  6521 | D:7      | Reached skill level 10 in Unarmed Combat
  6962 | D:7      | Found a staircase to the Ecumenical Temple.
  7152 | Temple   | Entered the Ecumenical Temple
  7165 | Temple   | Became a worshipper of Dithmenos the Shadowed
  7482 | D:8      | Found a staircase to the Lair.
  7862 | D:8      | Found a hazy altar of Hepliaklqana.
  7893 | D:8      | Reached skill level 11 in Unarmed Combat
  7959 | D:8      | Found a glowing golden altar of the Shining One.
  8358 | D:8      | Reached XP level 10. HP: 72/72 MP: 10/10
  8367 | D:8      | Found a broken altar of Ashenzari.
  8386 | D:8      | Noticed a two-headed ogre
  8649 | D:8      | Reached * piety under Dithmenos
  8650 | D:8      | Reached skill level 5 in Shapeshifting
  9011 | D:8      | Found a runed translucent door.
  9012 | D:8      | Found a runed translucent door.
  9012 | D:8      | Noticed a boulder beetle
  9012 | D:8      | Noticed a cyclops
  9038 | D:8      | Found a runed translucent door.
  9039 | D:8      | Noticed a tengu warrior
  9119 | D:8      | Killed a two-headed ogre
  9237 | D:9      | Found a stormy altar of Qazlal.
 10198 | D:9      | Noticed a gargoyle
 10367 | D:9      | Reached skill level 1 in Stealth
 10649 | D:10     | Entered Level 10 of the Dungeon
 10699 | D:10     | Noticed a gargoyle
 10732 | D:10     | Found an iron altar of Okawaru.
 10805 | D:11     | Noticed a two-headed ogre
 10830 | D:11     | Noticed Urug
 10852 | D:11     | Reached skill level 5 in Stealth
 10852 | D:11     | Found a gate leading to a gauntlet.
 10856 | Gauntlet | Entered a Gauntlet
 10856 | Gauntlet | Found a transporter.
 10856 | Gauntlet | Found a transporter.
 10872 | Gauntlet | Noticed an arcanist
 11066 | Gauntlet | Found a transporter.
 11083 | Gauntlet | Found a transporter.
 11083 | Gauntlet | Found a transporter.
 11083 | Gauntlet | Found a transporter.
 11085 | Gauntlet | Found a transporter.
 11085 | Gauntlet | Found a transporter.
 11092 | Gauntlet | Noticed a large abomination
 11099 | Gauntlet | Found a transporter.
 11101 | Gauntlet | Found the ring of Shadows {Umbra +Inv Stlth+}
 11101 | Gauntlet | Noticed a large abomination
 11108 | Gauntlet | Noticed a large abomination
 11115 | Gauntlet | Found a transporter.
 11116 | Gauntlet | Noticed a balrug
 11123 | Gauntlet | Noticed an orange crystal statue
 11125 | Gauntlet | Found a transporter.
 11130 | Gauntlet | Found a transporter.
 11164 | Gauntlet | Found a transporter.
 11169 | Gauntlet | Noticed a worldbinder
 11176 | Gauntlet | Found a transporter.
 11597 | Gauntlet | Identified the +1 cloak of Leklithraur {rF+ Regen+}
 11599 | Gauntlet | Noticed a cane toad
 11919 | Gauntlet | Noticed a minotaur
 11927 | Gauntlet | Slain by a minotaur

Illustrated notes

Levels and vault maps discovered:
D:1:      minmay_arrival_five_plusses, layout_rooms
D:2:      layout_loops_ring, basic_altar
D:3:      layout_loops_ring, nemelex_dance_club_becter
D:4:      layout_layer_cave, gammafunk_ghost_necromancy, glass_columns_b,
          uniq_blork_the_orc
D:5:      layout_basic, nicolae_ru_great_annihilating_truth
D:6:      layout_loops_corners
D:7:      layout_gridville, temple_green, serial_shops, nicolae_shop_tiny_glass,
          serial_bayou_lagoon_a
D:8:      minmay_the_grid_triangle_9x9_rhombus_thin
          [minmay_the_grid_triangle_9x9_fully_insulated_deathbox,
          minmay_the_grid_triangle_9x9_prize_insulated,
          minmay_the_grid_triangle_9x9_semitri,
          minmay_the_grid_triangle_9x9_checkered], layout_rooms,
          mainiacjoe_overflow_concentric_impassable,
          nicolae_hepliaklqana_hippocampus, mainiacjoe_overflow_swirl,
          erik_lair_orcish_takeover, st_stairs_11,
          chequers_serial_rivers_large_a
D:9:      layout_stronghold, mainiacjoe_overflow_paths
D:10:     layout_cave_pools, nicolae_overflow_crystal_walls, orc_0_dummy
D:11:     layout_irregular_city, portal_ice_cave_entry_imps,
          gauntlet_entry_generic, uniq_lodul, uniq_urug, uniq_fannar
Temple:   dpeg_chambers_temple
Gauntlet: gammafunk_gauntlet_mixed_choke_point
          [minmay_gauntlet_arena_77_tiled_triplets,
          minmay_gauntlet_arena_77_double_cross,
          minmay_gauntlet_arena_77_broken_ladder,
          gammafunk_gauntlet_arena_corners, minmay_gauntlet_arena_77_mirror,
          minmay_gauntlet_arena_77_checkered,
          minmay_gauntlet_arena_77_block_sizes,
          nicolae_gauntlet_exit_dead_adventurers]

Skill      XL: |  1  2  3  4  5  6  7  8  9 10 |
---------------+-------------------------------+-----
Fighting       | 2 3 5 6 7 8 |  8.1
Unarmed Combat | 4 5 6 7 9 11 | 11.7
Shapeshifting  | 4 7 |  7.0
Stealth        | 5 |  5.0
Dodging        | |  2.0

Action                     |  1- 3 |  4- 6 |  7- 9 | 10-12 || total
---------------------------+-------+-------+-------+-------++-------
  Melee: Unarmed           |    78 |   115 |   211 |    92 ||   496
         Constrict         |    25 |    30 |    43 |    18 ||   116
         Tentacles         |    11 |    27 |    47 |    28 ||   113
         Punch             |     1 |     3 |    21 |     5 ||    30
    Use: Scroll            |       |     6 |     9 |     6 ||    21
         Potion            |       |       |     1 |     3 ||     4
   Stab: Sleeping          |     2 |    15 |     8 |     3 ||    28
         Paralysed         |       |     1 |       |       ||     1
         Distracted        |       |       |       |     1 ||     1
 Armour: Skin              |    20 |    34 |   100 |    60 ||   214
  Dodge: Dodged            |    49 |    55 |    99 |    54 ||   257
